 Dungeon Crawl Stone Soup version 0.27-a0-1532-gca18f49f40 (webtiles) character file.

Game seed: 996419960389804887

135 Spectrina the Chiller (level 4, 0/33 HPs)
             Began as a Demigod Ice Elementalist on July 12, 2021.
             Slain by a bullfrog skeleton (4 damage)
             ... on level 4 of the Dungeon.
             The game lasted 00:12:09 (1101 turns).

Spectrina the Chiller (Demigod Ice Elementalist)    Turns: 1101, Time: 00:12:09

Health: 0/33       AC:  2    Str:  9      XL:     4   Next: 65%
Magic:  3/9        EV: 12    Int: 26 (27) God:
Gold:   74         SH:  0    Dex: 14      Spells: 2/6 levels left

rFire    . . .     SeeInvis .   (no weapon)
rCold    . . .     Faith    .   (no shield)
rNeg     + . .     Spirit   .   a - +0 robe
rPois    .         Reflect  .   (no helmet)
rElec    .         Harm     .   (no cloak)
rCorr    .         Rampage  .   (no gloves)
Will     .....                  (no boots)
Stlth    ++........             (no amulet)
HPRegen  0.11/turn              d - ring of positive energy
MPRegen  0.11/turn              i - +6 ring of intelligence

@: no status effects
A: high mp 1, forlorn
a: no special abilities


You were on level 4 of the Dungeon.
You visited 1 branch of the dungeon, and saw 6 of its levels.

You collected 74 gold pieces.

Inventory:

Hand Weapons
 e - a +0 hunting sling
Missiles
 b - a curare-tipped dart
 l - 23 stones
 m - 8 poisoned darts
Armour
 a - a +0 robe (worn)
 c - a +0 plate armour
Jewellery
 d - a ring of positive energy (left hand)
 i - a +6 ring of intelligence (right hand)
Scrolls
 g - a scroll of brand weapon {unknown}
 j - a scroll of magic mapping {unknown}
 k - a scroll of identify {unknown}
Potions
 f - a potion of curing
 h - a potion of cancellation {unknown}


   Skills:
 - Level 1.7 Dodging
 - Level 1.7 Stealth
 - Level 1.7 Spellcasting
 + Level 5.7 Ice Magic


You had 2 spell levels left.
You knew the following spells:

 Your Spells              Type           Power      Damage    Failure   Level
a - Freeze                Ice            100%       1d11      1%          1
b - Frozen Ramparts       Ice            64%        1d8       3%          3

Your spell library contained the following spells:

 Spells                   Type           Power      Damage    Failure   Level
 Ozocubu's Armour         Ice            32%        N/A       3%          3
 Ignite Poison            Fire/Tmut/Pois 2%         N/A       32%         3
 Mephitic Cloud           Conj/Pois/Air  2%         N/A       32%         3
 Hailstorm                Conj/Ice       17%        3d6       32%         4
 Bolt of Magma            Conj/Fire/Erth 1%         4d4       96%         5


Dungeon Overview and Level Annotations

Branches:
Dungeon (6/15)
 Temple: D:4-7

Shops:
D:5 *

Annotations:
D:5 Blork the orc


Innate Abilities, Weirdness & Mutations

Your attributes grow dramatically as you level up.
You have an increased reservoir of magic. (+10% MP)
You shall have no god before yourself.


Message History

Casting: Freeze (safe; 1% risk of failure)
Confirm with . or Enter, or press ? or * to list all spells.
Aiming: Freeze (safe; 1% risk of failure)
Press: ? - help, Shift-Dir - straight line, f/p - bullfrog skeleton
Aim: a bullfrog skeleton (severely damaged)
You freeze the bullfrog skeleton.
The bullfrog skeleton resists.
The bullfrog skeleton is severely damaged.
The bullfrog skeleton completely resists.
The wall freezes the bullfrog skeleton but does no damage.
The bullfrog skeleton hits you.
* * * LOW HITPOINT WARNING * * *
Casting: Freeze (safe; 1% risk of failure)
Confirm with . or Enter, or press ? or * to list all spells.
Aiming: Freeze (safe; 1% risk of failure)
Press: ? - help, Shift-Dir - straight line, f/p - bullfrog skeleton
Aim: a bullfrog skeleton (severely damaged)
You freeze the bullfrog skeleton.
The bullfrog skeleton resists.
The bullfrog skeleton is severely damaged.
The bullfrog skeleton resists.
The wall freezes the bullfrog skeleton.
The bullfrog skeleton barely misses you.
The bullfrog skeleton completely resists.
The wall freezes the bullfrog skeleton but does no damage.
The bullfrog skeleton hits you.
* * * LOW HITPOINT WARNING * * *
Casting: Freeze (safe; 1% risk of failure)
Confirm with . or Enter, or press ? or * to list all spells.
Aiming: Freeze (safe; 1% risk of failure)
Press: ? - help, Shift-Dir - straight line, f/p - bullfrog skeleton
Aim: a bullfrog skeleton (severely damaged)
You freeze the bullfrog skeleton.
The bullfrog skeleton resists.
The bullfrog skeleton is severely damaged.
The frozen ramparts melt away.
The bullfrog skeleton barely misses you.
The bullfrog skeleton hits you.
* * * LOW HITPOINT WARNING * * *
The bullfrog skeleton barely misses you.
The bullfrog skeleton closely misses you.
There is a stone staircase leading up here.
The bullfrog skeleton hits you.
You die...

#...#.. ... #.#.#.# #########.#
#.#.#.# #.......#.#
#.#.#.#####.#.....#.#
#.#.).....#.#.###.#.#
######.###.###.#.#.....#.#######+
.........#.# #.#>................
######.#.#.# #.#.#.##..#.#.....#.
# ..#.#.# #..@#.##..#.#.###.# #
...# #.#####Z#.##..#.#.# #.# #
###.# #.............#.#.# #.# #
#.# #######.#.###.#.#.# #.. # #.#
#. #.......#'#.#####. # #.# ###.
#................. ...
#.#.#.#.....######
#.###.#.#.#.....#
#.........#.....#


You could see a bullfrog skeleton.

Vanquished Creatures
  A kobold brigand (D:6)
  A hound (D:5)
  A worm (D:2)
  A dart slug (D:3)
  3 ball pythons
  2 endoplasms (D:3)
  A giant cockroach (D:3)
  4 hobgoblins
  8 kobolds
  A quokka (D:4)
  3 frilled lizards
  2 goblins (D:3)
  A rat (D:3)
29 creatures vanquished.

Notes
Turn   | Place    | Note
-------+----------+-------------------------------------------
     0 | D:1      | Spectrina the Demigod Ice Elementalist began the quest for
                  | the Orb.
     0 | D:1      | Reached XP level 1. HP: 14/14 MP: 5/5
   192 | D:3      | Reached skill level 4 in Ice Magic
   202 | D:3      | Reached XP level 2. HP: 18/20 MP: 1/7
   469 | D:5      | Entered Level 5 of the Dungeon
   487 | D:5      | Noticed Blork the orc
   525 | D:6      | Noticed a kobold brigand
   529 | D:6      | Noticed a howler monkey
   532 | D:6      | Noticed a black bear
   542 | D:5      | HP: 1/30 [poisoned by a kobold brigand (curare-tipped
                  | dart)]
   945 | D:6      | Killed a kobold brigand
   946 | D:6      | Reached skill level 5 in Ice Magic
   946 | D:6      | Reached XP level 3. HP: 18/26 MP: 0/8
   946 | D:6      | Reached XP level 4. HP: 23/33 MP: 0/9
  1018 | D:5      | Learned a level 3 spell: Frozen Ramparts
  1019 | D:5      | Upgraded the game from 0.27-a0-1529-g1e82c303ef to
                  | 0.27-a0-1532-gca18f49f40
  1032 | D:5      | Found Ebufiun's General Store.
  1032 | D:5      | Noticed a necrophage
  1101 | D:4      | Slain by a bullfrog skeleton

Illustrated notes

Levels and vault maps discovered:
D:1:      shiori_arrival_maze, layout_basic,
          shapermc_ecumenical_altar_totnotflames, feat_on_display
D:2:      layout_basic
D:3:      layout_loops_corners, nicolae_overflow_crystal_walls,
          uniq_crazy_yiuf_cottage
D:4:      layout_basic, minitemple, hangedman_decor_slide_cut
D:5:      cheibrodos_helix_gallery, layout_cave_pods, overflow_temple_1_default,
          lightli_temple_of_fire, minmay_temple_entry_oklob,
          ebering_ghost_sewer_f, serial_column_ruins,
          column_ruins_circle_medium, column_ruins_square_medium,
          column_ruins_grid_4, column_ruins_open_large, column_ruins_grid_1,
          column_ruins_open_small, column_ruins_grid_1, nicolae_specific_store,
          uniq_blork_the_orc
D:6:      layout_basic, minmay_crystal_water

Skill      XL: |  1  2 |
---------------+-------+-----
Ice Magic      | 4 5 |  5.7
Dodging        | |  1.7
Stealth        | |  1.7
Spellcasting   | |  1.7

Action                   |  1- 3 |  4- 6 || total
-------------------------+-------+-------++-------
Melee: Unarmed           |     6 |    15 ||    21
 Fire: Hunting sling     |     1 |    10 ||    11
 Cast: Freeze            |    37 |     9 ||    46
       Frozen Ramparts   |       |     2 ||     2
  Use: Potion            |     4 |       ||     4
 Stab: Sleeping          |     1 |       ||     1
Armor: Robe              |     6 |     3 ||     9
Dodge: Dodged            |    18 |    20 ||    38

Table legend: (Time is in decaauts)
 A = Elapsed time spent in this place.
 B = Non-inter-level travel time spent in this place.
 C = Inter-level travel time spent in this place.
 D = Time resting spent in this place.
 E = Time spent auto-exploring this place.
 F = Levels seen in this place.
 G = Mean time per level.
                   A        B        C        D        E       F      G
               +--------+--------+--------+--------+--------+-----+--------+
         Total |   1129 |   1115 |     14 |      0 |      0 |   6 |  188.2 |
       Dungeon |   1129 |   1115 |     14 |      0 |      0 |   6 |  188.2 |
               +--------+--------+--------+--------+--------+-----+--------+

Top non-repeatable levels by time:
     D:3: 422 daAuts
     D:5: 313 daAuts
     D:2: 158 daAuts
     D:4: 127 daAuts
     D:6: 54 daAuts
     D:1: 53 daAuts
